 Dungeon Crawl Stone Soup version 0.23.0 (webtiles) character file.

Game seed: 2395897681458702100

6407 Enish the Cleaver (level 10, -8/93 HPs)
             Began as a Minotaur Berserker on Feb 17, 2019.
             Was a High Priest of Trog.
             Mangled by an orc warlord
             ... wielding a +1 long sword
              (13 damage)
             ... while paralysed
             ... on level 8 of the Dungeon.
             The game lasted 00:05:46 (6977 turns).

Enish the Cleaver (Minotaur Berserker)              Turns: 6977, Time: 00:05:46

Health: -8/93      AC: 20    Str: 26    XL:     10   Next: 66%
Magic:  9/9        EV:  2    Int:  4    God:    Trog [*****.]
Gold:   201        SH:  0    Dex:  9    Spells: 9/9 levels left

rFire    + . .     SeeInvis .   y - +0 battleaxe
rCold    . . .     Gourm    .   (shield currently unavailable)
rNeg     . . .     Faith    .   s - +0 plate armour
rPois    .         Spirit   .   (helmet restricted)
rElec    .         Reflect  .   t - +2 cloak
rCorr    .         Harm     .   h - +1 pair of gloves
MR       .....                  (no boots)
Stlth    ..........             (no amulet)
HPRegen  0.25/turn              f - ring of protection from fire
MPRegen  0.11/turn              v - +5 ring of evasion

@: paralysed, berserk cooldown, slowed
A: retaliatory headbutt, horns 2
a: Berserk, Trog's Hand, Brothers in Arms, Renounce Religion


You were on level 8 of the Dungeon.
You worshipped Trog.
Trog was extremely pleased with you.
You were hungry.

You visited 1 branch of the dungeon, and saw 8 of its levels.

You collected 415 gold pieces.
You spent 214 gold pieces at shops.

Inventory:

Hand Weapons
 a - a +0 hand axe
 y - a +0 battleaxe (weapon)
   (You took it off an orc warrior on level 7 of the Dungeon)
Armour
 b - a +0 animal skin
 h - a +1 pair of gloves (worn)
   (You found it on level 1 of the Dungeon)
 n - a +0 plate armour
   (You found it on level 6 of the Dungeon)
 o - a +0 chain mail
   (You found it on level 4 of the Dungeon)
 s - a +0 plate armour (worn)
   (You took it off an orc warrior on level 7 of the Dungeon)
 t - a +2 cloak (worn)
   (You bought it in a shop on level 6 of the Dungeon)
Jewellery
 f - a ring of protection from fire (left hand)
   (You found it on level 1 of the Dungeon)
 v - a +5 ring of evasion (right hand)
   (You took it off a hobgoblin on level 2 of the Dungeon)
Wands
 p - a wand of acid (6)
   (You found it on level 5 of the Dungeon)
Scrolls
 c - a scroll of enchant weapon {unknown}
 d - 4 scrolls of enchant armour
 g - a scroll of fog
 i - 2 scrolls of random uselessness {unknown}
 k - 2 scrolls of noise {unknown}
 r - 10 scrolls of identify
 u - a scroll of remove curse {unknown}
 w - 2 scrolls of magic mapping
 x - 2 scrolls of teleportation {unknown}
 z - 3 scrolls of blinking
Potions
 j - 2 potions of resistance {unknown}
 l - 2 potions of invisibility {unknown}
 m - a potion of degeneration {unknown}
 q - 6 potions of curing
 A - 2 potions of magic {unknown}
Comestibles
 e - 9 rations
 B - 7 chunks of flesh


   Skills:
 + Level 9.9 Fighting
 * Level 11.4 Axes
 + Level 9.6 Armour
 + Level 8.8 Dodging


You had 9 spell levels left.
You didn't know any spells.
Your spell library was empty.

Dungeon Overview and Level Annotations

Branches:
Dungeon (8/15)             Temple (0/1) D:7            Lair (0/6) D:8

Altars:
Trog

Shops:
D:6 =[(%[


Innate Abilities, Weirdness & Mutations

You reflexively headbutt those who attack you in melee.
You have a pair of horns on your head.


Message History

The orc hits you but does no damage.
You slice the orc warlord!!
The orc warlord is heavily wounded.
You slash the orc!
You kill the orc!
Trog accepts your kill.
The orc warlord hits you with a +1 long sword!!
* * * LOW HITPOINT WARNING * * *
An orc comes into view.
There is a huge open gate here.
You feel a strong urge to attack something.
The orc throws a tomahawk of dispersal.
The tomahawk of dispersal misses you.
The orc warlord roars a battlecry!
The orc goes into a battle-frenzy!
You feel your anger nearly subside.
You are no longer berserk.
You pass out from exhaustion.
You feel yourself slow down.
The orc warlord no longer looks unusually strong.
The orc warlord hits you with a +1 long sword!
You die...

....).##...###....# ##...# ##..#
..........####.#[## #....# ##....
#.......#.##.##...###..#.###....>
.......##....#.........#..#......
................................P
≈≈≈≈≈≈≈≈≈≈≈....≈≈≈≈≈≈≈≈≈≈≈≈≈≈≈≈≈≈
≈≈≈≈≈≈≈≈≈≈≈....≈≈≈≈≈≈≈≈≈≈≈≈≈≈≈≈≈≈
≈≈≈≈≈≈≈≈≈≈≈....≈≈≈≈≈≈≈≈≈≈≈≈#####≈
...............o@..........#ooo#≈
###########''''#############.o.#≈
#).).# #'###≈ .....'))).'....
#.≈≈ ######....##### #.≈≈ ##''##
#.≈≈ o... #.≈≈ ...... #.≈≈ ......
#.≈≈


You could see an orc warlord.

Vanquished Creatures
  2 two-headed ogres (D:8)
  An orc knight (D:8)
  A hippogriff (D:8)
  13 wargs (D:8)
  A water moccasin (D:6)
  6 orc warriors
  3 ice beasts
  A sky beast (D:6)
  A phantom (D:4)
  2 ogres (D:4)
  A big kobold (D:8)
  8 bullfrogs
  A scorpion (D:4)
  3 crimson imps
  2 orc priests
  5 hounds
  2 bullfrog skeletons
  2 centaur skeletons
  2 jellies
  A centaur zombie (D:7)
  Jessica (D:3)
  3 iguanas
  3 worker ants
  2 hound skeletons
  Robin (D:2)
  5 adders
  3 gnolls (D:7)
  A howler monkey skeleton (D:4)
  2 shadow imps
  An ooze (D:2)
  3 adder skeletons
  2 worms (D:3)
  3 dart slugs
  6 leopard geckos
  34 orcs
  2 ball pythons
  4 giant cockroaches
  10 hobgoblins
  9 jackals
  3 bats (D:1)
  6 frilled lizards
  19 goblins
  13 kobolds
  A leopard gecko skeleton (D:4)
  10 rats
205 creatures vanquished.

Vanquished Creatures (others)
  A plant (D:8)
1 creature vanquished.

Grand Total: 206 creatures vanquished

Notes
Turn   | Place    | Note
-------+----------+-------------------------------------------
     0 | D:1      | Enish the Minotaur Berserker began the quest for the Orb.
     0 | D:1      | Reached XP level 1. HP: 19/19 MP: 0/0
   100 | D:1      | Reached XP level 2. HP: 27/27 MP: 1/1
   477 | D:1      | Reached skill level 4 in Axes
   479 | D:1      | Reached ** piety under Trog
   607 | D:1      | Reached XP level 3. HP: 30/33 MP: 2/2
  1366 | D:2      | Noticed Robin
  1372 | D:2      | Reached XP level 4. HP: 32/41 MP: 3/3
  1380 | D:2      | Killed Robin
  1380 | D:2      | Reached *** piety under Trog
  1911 | D:2      | Found a bloodstained altar of Trog.
  2241 | D:3      | Noticed Jessica
  2247 | D:3      | Killed Jessica
  2247 | D:3      | Reached XP level 5. HP: 46/47 MP: 4/4
  2628 | D:4      | Noticed an ogre
  2636 | D:4      | Killed an ogre
  2636 | D:4      | Reached skill level 5 in Fighting
  2636 | D:4      | Reached skill level 5 in Axes
  2778 | D:4      | Reached XP level 6. HP: 56/56 MP: 5/5
  2833 | D:4      | Reached skill level 5 in Armour
  2833 | D:4      | Reached XP level 7. HP: 62/62 MP: 6/6
  2913 | D:5      | Entered Level 5 of the Dungeon
  2972 | D:5      | Reached **** piety under Trog
  2972 | D:5      | Reached skill level 6 in Axes
  2994 | D:5      | Reached skill level 5 in Dodging
  3532 | D:6      | Reached XP level 8. HP: 71/71 MP: 7/7
  3610 | D:6      | Found Rys Kac's Jewellery Shop.
  3637 | D:6      | Found Oxowkeg's Antique Weapon Shoppe.
  3653 | D:6      | Reached skill level 7 in Axes
  3789 | D:6      | Found Bakh's Armour Emporium.
  3803 | D:6      | Found Quoffiw's Food Shoppe.
  3827 | D:6      | Bought a +2 cloak for 214 gold pieces
  3895 | D:6      | Found Gufedade's Antique Armour Boutique.
  4479 | D:7      | Found a staircase to the Ecumenical Temple.
  4918 | D:7      | Reached XP level 9. HP: 81/81 MP: 8/8
  4927 | D:7      | Reached skill level 8 in Axes
  5511 | D:8      | Found a staircase to the Lair.
  5633 | D:8      | Noticed a two-headed ogre
  5637 | D:8      | Noticed a two-headed ogre
  5651 | D:8      | Killed a two-headed ogre
  5651 | D:8      | Reached skill level 9 in Axes
  5659 | D:8      | Killed a two-headed ogre
  5659 | D:8      | Reached skill level 10 in Axes
  5659 | D:8      | Reached XP level 10. HP: 28/91 MP: 9/9
  6919 | D:8      | Reached skill level 11 in Axes
  6943 | D:8      | Noticed an orc knight
  6943 | D:8      | Noticed an orc warlord
  6957 | D:8      | Killed an orc knight
  6959 | D:8      | Reached ***** piety under Trog
  6969 | D:8      | HP: 5/139 [orc warlord/+1 long sword (20)]
  6977 | D:8      | Mangled by an orc warlord

Skill      XL: |  1  2  3  4  5  6  7  8  9 10 |
---------------+-------------------------------+-----
Axes           | 4 5 6 7 10 11 | 11.4
Fighting       | 4 5 6 7 9 |  9.9
Armour         | 3 4 5 6 7 8 9 |  9.6
Dodging        | 3 4 5 6 8 |  8.8

Action                   |  1- 3 |  4- 6 |  7- 9 | 10-12 || total
-------------------------+-------+-------+-------+-------++-------
Melee: Hand axe          |    77 |    94 |   250 |    32 ||   453
       Headbutt          |     6 |    12 |    55 |    23 ||    96
       Battleaxe         |       |       |       |    58 ||    58
Invok: Berserk           |     1 |     3 |     4 |     3 ||    11
  Use: Scroll            |       |     6 |       |       ||     6
       Potion            |       |     2 |       |       ||     2
 Stab: Distracted        |     1 |       |       |       ||     1
       Sleeping          |       |     1 |       |       ||     1
  Eat: Chunk             |     1 |     4 |    12 |     5 ||    22
       Ration            |       |     1 |     1 |       ||     2
Armor: Animal skin       |    17 |    14 |       |       ||    31
       Chain mail        |       |    13 |    33 |       ||    46
       Plate armour      |       |       |    72 |    37 ||   109
Dodge: Dodged            |    50 |    84 |   165 |    87 ||   386
